 Dungeon Crawl Stone Soup version 0.25-a0-1130-g3926558f3a (webtiles) character file.

Game seed: 10288503722100548476, levelgen mode: deterministic

45 Flugslaktarn the Covered (level 3, -4/34 HPs)
             Began as a Deep Dwarf Fighter on May 19, 2020.
             Slain by a tentacled starspawn (23 damage)
             ... on level 1 of the Abyss.
             The game lasted 00:01:44 (279 turns).

Flugslaktarn the Covered (Deep Dwarf Fighter)        Turns: 279, Time: 00:01:44

Health: -4/34      AC:  6    Str: 20    XL:     3   Next: 42%
Magic:  3/3        EV:  7    Int:  8    God:
Gold:   7          SH:  9    Dex: 12    Spells: 2/2 levels left

rFire    . . .     SeeInvis .   a - +0 war axe
rCold    . . .     Gourm    .   c - +0 kite shield
rNeg     . . .     Faith    .   b - +0 scale mail
rPois    .         Spirit   .   (no helmet)
rElec    .         Reflect  .   (no cloak)
rCorr    .         Harm     .   (no gloves)
MR       .....                  (no boots)
Stlth    ..........             (no amulet)
HPRegen  0.00/turn              (no ring)
MPRegen  0.08/turn              (no ring)

@: mighty, non-regenerating, heavily drained
A: damage resistance, heal wounds, sense surroundings 1, no regeneration
a: Heal Wounds


You were on level 1 of the Abyss.
You were not hungry.

You visited 1 branch of the dungeon, and saw 3 of its levels.
You visited the Abyss 1 time.

You collected 7 gold pieces.

Inventory:

Hand Weapons
 a - a +0 war axe (weapon)
Armour
 b - a +0 scale mail (worn)
 c - a +0 kite shield (worn)
Jewellery
 l - an uncursed ring of ice {unknown}
   (You found it on level 2 of the Dungeon)
Scrolls
 f - a scroll of noise {unknown}
 g - 3 scrolls of remove curse {unknown}
 h - 3 scrolls of magic mapping {unknown}
 k - a scroll of identify {unknown}
 m - a scroll of amnesia {unknown}
 n - a scroll of teleportation {unknown}
Potions
 i - a potion of mutation {unknown}
 j - 3 potions of curing {unknown}
Comestibles
 e - a ration


   Skills:
 + Level 3.1(1.8) Fighting
 + Level 2.8(1.6) Axes
 + Level 3.8(2.5) Armour
 + Level 3.7(2.5) Shields


You had 2 spell levels left.
You didn't know any spells.
Your spell library was empty.

Dungeon Overview and Level Annotations

Branches:
Dungeon (3/15)

Altars:

Annotations:
D:3 Esekla's ghost, weakling OpWz


Innate Abilities, Weirdness & Mutations

You are resistant to damage.
You can heal yourself by infusing magical energy.
You passively map a small area around you.
You do not regenerate.


Message History

There is an open translucent gate here.
You feel much better.
You feel very mighty all of a sudden.
Unknown command.
Your shield and scale mail prevent you from hitting the tentacled starspawn.
The tentacled starspawn bites you but does no damage.
The tentacled starspawn engulfs you!
Tentacles burst from the starspawn's body! 2 starspawn tentacles come into view.
You slash the tentacled starspawn!
The tentacled starspawn is lightly damaged.
You slash the starspawn tentacle! The tentacled starspawn bites you.
The tentacled starspawn closely misses you.
The starspawn tentacle grabs you. The starspawn tentacle constricts you.
You hit the tentacled starspawn.
The starspawn tentacle loses its grip on you.
The tentacled starspawn is moderately damaged.
You slash the starspawn tentacle! The tentacled starspawn bites you!!
Ouch! That really hurt!
You die...

........#.#..#
........#..'..#
.........'..#
#....#..'.## #
.#..#...#.## ...
.#..... .. # ....#
#...##..#...
#.....##w##.#...##
#...@X....###
#.#...w...#.#
....####...# ##.##
.##.# # ## .# .


You could see a tentacled starspawn and 2 starspawn tentacles.

Vanquished Creatures
  2 adders (D:2)
  A worm (D:2)
  A dart slug (D:1)
  A leopard gecko (D:1)
  4 orcs (D:3)
  A bat (D:3)
  A giant cockroach (D:2)
  A goblin (D:1)
  2 ball pythons
  3 kobolds (D:3)
  4 rats
21 creatures vanquished.

Notes
Turn   | Place    | Note
-------+----------+-------------------------------------------
     0 | D:1      | Flugslaktarn the Deep Dwarf Fighter began the quest for the
                  | Orb.
     0 | D:1      | Reached XP level 1. HP: 20/20 MP: 1/1
    10 | D:1      | Noticed an electric eel
    95 | D:2      | Reached XP level 2. HP: 27/27 MP: 2/2
   209 | D:2      | Reached XP level 3. HP: 30/34 MP: 3/3
   245 | D:3      | Found a runed translucent gate.
   245 | D:3      | Found a runed translucent gate.
   245 | D:3      | Found a runed translucent gate.
   245 | D:3      | Noticed a big kobold
   245 | D:3      | Identified the cursed +2 short sword of Arrie {drain,
                  | Dex+4}
   245 | D:3      | Noticed a big kobold
   245 | D:3      | Noticed Esekla's ghost (weakling OpWz)
   247 | D:3      | Noticed a big kobold
   266 | D:3      | Cast into level 1 of the Abyss (big kobold)
   273 | Abyss:1  | Noticed a tentacled starspawn
   279 | Abyss:1  | Slain by a tentacled starspawn

Illustrated notes

Levels and vault maps discovered:
D:1:      arrival_aquarium_a, layout_basic, kennysheep_boxes
D:2:      wad_pebble_path, layout_basic, serial_curves, eino_curves_01,
          eino_curves_04, chequers_jeans
D:3:      layout_rooms, gammafunk_ghost_nasty_kobolds, uniq_jessica
Abyss:1:  base:
D:3

Skill      XL: |  1  2 |
---------------+-------+-----
Fighting       | 3 |  3.1
Axes           | |  2.8
Armour         | |  3.8
Shields        | |  3.7

Action                   || total
-------------------------++-------
Melee: War axe           ||    49
 Abil: Heal Wounds       ||     2
  Use: Potion            ||     1
Armor: Scale mail        ||    21
Dodge: Dodged            ||    17
Block: Kite shield       ||    28

Table legend:
 A = Non-vault XP
 B = Vault XP
 C = Vault XP percentage of total XP
 D = Non-vault monster count
 E = Vault monster count
 F = Vault count percentage of total count
                 A         B        C        D         E       F
            +---------+---------+-------+---------+---------+-------
      Total |      62 |       3 |   4.6 |      18 |       3 |  14.3
            +---------+---------+-------+---------+---------+-------
        D:1 |      11 |       0 |   0.0 |       5 |       0 |   0.0
        D:2 |      36 |       0 |   0.0 |       7 |       0 |   0.0
        D:3 |      15 |       3 |  16.7 |       6 |       3 |  33.3
            +---------+---------+-------+---------+---------+-------
